 Dungeon Crawl Stone Soup version 0.16.1-11-g651b585 (webtiles) character file.

149 Chiseanne the Magician (level 5, -1/35 HPs)
             Began as a Mummy Wizard on Mar 30, 2015.
             Was an Initiate of Gozag.
             Slain by an orc
             ... wielding a +0 short sword
              (5 damage)
             ... on level 3 of the Dungeon.
             The game lasted 00:10:08 (4526 turns).

Chiseanne the Magician (Mummy Wizard)               Turns: 4526, Time: 00:10:09

Health: -1/35      AC:  4    Str: 10    XL:     5   Next: 9%
Magic:  4/13       EV: 12    Int: 18    God:    Gozag
Gold:   60         SH:  0    Dex: 13    Spells: 6 memorised, 0 levels left

rFire  x . .     SeeInvis .     d - +0 dagger
rCold  + . .     Clarity  .     a - +0 robe
rNeg   + + +     SustAb   .     (no shield)
rPois  ∞         Gourm    .     b - +0 hat
rElec  .         Spirit   .     (no cloak)
rCorr  .         Warding  .     h - +0 pair of gloves {Dex+3}
rMut   .         Stasis   .     f - +0 pair of boots
MR     .....                    (no amulet)
Stlth  ++........               (no ring)
                                (no ring)

@: very slightly contaminated, not resistant to hostile enchantments, unstealthy
A: no food or potions, fire vulnerability, restore body, cold resistance 1,
negative energy resistance 3, poison resistance, torment resistance, unbreathing
a: Potion Petition, Call Merchant, Bribe Branch, Renounce Religion


You were on level 3 of the Dungeon.
You worshipped Gozag.
Gozag was noncommittal.
You were not hungry.

You visited 1 branch of the dungeon, and saw 3 of its levels.

You collected 143 gold pieces.
You paid 83 gold pieces to Gozag.

Inventory:

Hand weapons
 d - a +0 dagger (weapon)
Missiles
 e - 6 curare-tipped needles
 g - 37 poisoned needles
Armour
 a - a +0 robe (worn)
 b - a +0 hat (worn)
 f - a +0 pair of boots (worn)
 h - a +0 pair of gloves of dexterity (worn)
 k - a +0 leather armour
Jewellery
 i - an uncursed ring of ice
Magical devices
 j - a wand of fireball (3)
Scrolls
 l - a scroll of identify
Books
 c - a book of Minor Magic

   Spells                             Type                      Level
   a - Magic Dart                     Conjuration                  1
   b - Blink                          Translocation                2
   c - Call Imp                       Summoning                    2
   d - Repel Missiles                 Charms/Air                   2
   e - Slow                           Hexes                        2
   f - Conjure Flame                  Conjuration/Fire             3
   g - Mephitic Cloud                 Conjuration/Poison/Air       3


   Skills:
 - Level 1.5 Dodging
 - Level 1.5 Stealth
 * Level 4.6 Spellcasting
 * Level 2.5 Conjurations
 - Level 0.7 Summonings
 - Level 0.7 Translocations


You couldn't memorise any spells.
You knew the following spells:

 Your Spells              Type           Power        Failure   Level  Hunger
a - Magic Dart            Conj           ##..         6%          1    N/A
b - Repel Missiles        Chrm/Air       #.....       21%         2    N/A
c - Blink                 Tloc           N/A          17%         2    N/A
d - Call Imp              Summ           #.......     17%         2    N/A
e - Conjure Flame         Conj/Fire      #.......     30%         3    N/A
f - Mephitic Cloud        Conj/Pois/Air  #.......     30%         3    N/A

Dungeon Overview and Level Annotations

Branches:
Dungeon (3/15)

Altars:
Dithmenos
Fedhas
Gozag
Yredelemnul

Annotations:
D:3 Sigmund


Innate Abilities, Weirdness & Mutations

You do not eat or drink.
Your flesh is vulnerable to fire.
Your flesh is cold resistant.
You are immune to negative energy.
Your system is resistant to poisons.
You are immune to unholy pain and torment.
You can survive without breathing.


Message History

The gnoll is almost dead.
The gnoll hits you but does no damage.
You hit the gnoll but do no damage.
The gnoll is almost dead.
The gnoll hits you.
Read which item? (? for menu, Esc to quit)
Okay, then.
An orc comes into view. It is wielding a short sword.
The orc moves out of view.
The orc shouts!
The orc hits you with a short sword. The gnoll hits you!
* * * LOW HITPOINT WARNING * * *
The gnoll closely misses you.
The gnoll hits you from afar with a spear!
* * * LOW HITPOINT WARNING * * *
You see here a slice of pizza.
There is a stone staircase leading up here.
The orc hits you with a short sword.
You die...
Your body crumbles into a pile of gold.

#.......# #.# ##.###### #.# #.#
#.# #.## #!. #### #####..# ###
...# #.....^### #. .#.###
#.####...######### #.
.#...######.#..............#####.
.......gg...gg.o@................
##...######.#.....[..!...........
#.#........#..#..[#####.#%######
##.#.#...................#.###...
...............#.#..####........#
............##.#.#..........##..#
............##.#.........#####..#
............##.#...###.###......#
............##.#..##.....##.###..


You could see 3 gnolls and an orc.

Vanquished Creatures
  2 orc wizards (D:3)
  2 adders
  A worm (D:1)
  A giant gecko (D:2)
  An ooze (D:2)
  8 orcs
  6 goblins
  5 hobgoblins
  5 jackals
  3 quokkas
  5 ball pythons
  4 bats (D:1)
  2 giant cockroaches
  3 giant newts
  6 kobolds
  10 rats
64 creatures vanquished.

Notes
Turn   | Place    | Note
--------------------------------------------------------------
     0 | D:1      | Chiseanne, the Mummy Wizard, began the quest for the Orb.
     0 | D:1      | Reached XP level 1. HP: 13/13 MP: 4/4
   127 | D:1      | Reached skill level 1 in Conjurations
   428 | D:1      | Reached XP level 2. HP: 19/19 MP: 1/6
  1185 | D:1      | Reached XP level 3. HP: 3/24 MP: 1/8
  1407 | D:1      | Learned a level 2 spell: Repel Missiles
  1410 | D:1      | Learned a level 2 spell: Blink
  1413 | D:1      | Learned a level 2 spell: Call Imp
  2515 | D:2      | Reached skill level 4 in Spellcasting
  2634 | D:2      | Found a basalt altar of Yredelemnul.
  3050 | D:3      | Reached XP level 4. HP: 30/30 MP: 11/11
  3186 | D:3      | Found an opulent altar of Gozag.
  3263 | D:3      | Noticed Sigmund
  3820 | D:3      | Found a shadowy altar of Dithmenos.
  3908 | D:3      | Became a worshipper of Gozag Ym Sagoz the Greedy
  3977 | D:3      | Reached XP level 5. HP: 35/35 MP: 9/13
  3993 | D:3      | Learned a level 3 spell: Conjure Flame
  3997 | D:3      | Learned a level 3 spell: Mephitic Cloud
  4488 | D:3      | Found a blossoming altar of Fedhas.
  4526 | D:3      | Slain by an orc

Action                   |  1- 3 |  4- 6 || total
-------------------------+-------+-------++-------
Melee: Dagger            |    42 |    14 ||    56
 Cast: Magic Dart        |   105 |    63 ||   168
       Call Imp          |       |     4 ||     4
Evoke: Wand              |     1 |     2 ||     3
  Use: Scroll            |     1 |     3 ||     4
